 Dungeon Crawl Stone Soup version 0.27.1 (webtiles) character file.

Game seed: 896351533217595879

98 funkygono the Firebug (level 4, 0/24 HPs)
             Began as a Gargoyle Fire Elementalist on Aug 25, 2021.
             Slain by Grinder (3 damage)
             ... on level 3 of the Dungeon.
             The game lasted 00:06:59 (2615 turns).

funkygono the Firebug (Gargoyle Fire Elementalist)  Turns: 2615, Time: 00:06:59

Health: 0/24       AC:  6    Str: 12    XL:     4   Next: 69%
Magic:  0/8        EV: 12    Int: 16    God:
Gold:   92         SH:  0    Dex: 10    Spells: 0/8 levels left

rFire    . . .     SeeInvis .   l - +0 whip
rCold    . . .     Faith    +   (no shield)
rNeg     + . .     Spirit   .   a - +0 robe
rPois    ∞         Reflect  .   s - +0 helmet
rElec    +         Harm     .   (no cloak)
rCorr    .         Rampage  .   (no gloves)
Will     .....                  (no boots)
Stlth    ++........             c - amulet of faith
HPRegen  0.08/turn              (no ring)
MPRegen  0.11/turn              (no ring)

@: no status effects
A: sickness immunity, AC +3, negative energy resistance 1, electricity
resistance, torment resistance 1, petrification resistance
a: no special abilities


You were on level 3 of the Dungeon.
You visited 1 branch of the dungeon, and saw 3 of its levels.

You collected 92 gold pieces.

Inventory:

Hand Weapons
 j - a +0 mace
 l - a +0 whip (weapon)
Missiles
 b - 142 stones
Armour
 a - a +0 robe (worn)
 n - a +0 scale mail
 s - a +0 helmet (worn)
Jewellery
 c - an amulet of faith (around neck)
Wands
 e - a wand of paralysis (7)
Scrolls
 f - 2 scrolls of blinking
 m - a scroll of magic mapping {unknown}
 o - a scroll of teleportation
 p - a scroll of identify
Potions
 d - a potion of degeneration {unknown}
 g - a potion of resistance
 h - a potion of mutation {unknown}
 i - 3 potions of haste
 k - a potion of curing {unknown}
 q - a potion of berserk rage {unknown}
 r - a potion of heal wounds {unknown}


   Skills:
 + Level 1.9 Dodging
 - Level 2.1 Stealth
 * Level 2.8 Spellcasting
 * Level 1.7 Conjurations
 * Level 4.3 Fire Magic


You couldn't memorise any spells.
You knew the following spells:

 Your Spells              Type           Power      Damage    Failure   Level
a - Foxfire               Conj/Fire      48%        2x1d6     5%          1
b - Conjure Flame         Conj/Fire      12%        6-21      16%         3
c - Sticky Flame          Conj/Fire      12%        2d4       47%         4

Your spell library contained the following spells:

 Spells                   Type           Power      Damage    Failure   Level
 Inner Flame              Hex/Fire       9%         N/A       24%         3
 Fireball                 Conj/Fire      6%         3d5       83%         5


Dungeon Overview and Level Annotations

Branches:
Dungeon (3/15)

Altars:

Annotations:
D:3 Grinder


Innate Abilities, Weirdness & Mutations

You are immune to sickness and miasma.
Your stone body is resilient. (AC +3)
You are immune to poison.
You resist negative energy. (rN+)
You are resistant to electric shocks. (rElec)
You are resistant to unholy torment.
You are immune to petrification.


Message History

You conjure some foxfire!
The foxfire hits Grinder.
Grinder is moderately wounded.
The foxfire hits Grinder.
Grinder is heavily wounded.
Unknown command.
Casting: Foxfire (safe; 5% risk of failure)
Confirm with . or Enter, or press ? or * to list all spells.
You conjure some foxfire!
The foxfire hits Grinder.
Grinder is heavily wounded.
The foxfire hits Grinder.
Grinder is heavily wounded.
Grinder hits you.
You writhe in agony.
Casting: Foxfire (safe; 5% risk of failure)
Confirm with . or Enter, or press ? or * to list all spells.
You conjure some foxfire!
The foxfire hits Grinder.
Grinder is severely wounded.
Grinder grins, showing sharp teeth.
Grinder hits you!
Unknown command.
Casting: Foxfire (safe; 5% risk of failure)
Confirm with . or Enter, or press ? or * to list all spells.
You conjure some foxfire!
The foxfire hits Grinder but does no damage.
Grinder is severely wounded.
The foxfire hits Grinder but does no damage.
Grinder is severely wounded.
Grinder hits you!
* * * LOW HITPOINT WARNING * * *
You writhe in agony.
* * * LOW HITPOINT WARNING * * *
Okay, then.
You closely miss Grinder.
Grinder is severely wounded.
The foxfire hits Grinder but does no damage.
Grinder is severely wounded.
Grinder hits you but does no damage.
Casting: Foxfire (safe; 5% risk of failure)
Confirm with . or Enter, or press ? or * to list all spells.
You conjure some foxfire!
Grinder hits you.
You die...

#################
#.....v@........#
#.###.v5######.##
#..?# #.# #†..#
##'### #...#
#....# ....#
###....# ##.###
#......# #.
#......# #......#


You could see Grinder (ally target).

Vanquished Creatures
  5 adders
  2 dart slugs
  An orc (D:3)
  7 ball pythons
  6 bats
  8 endoplasms
  A giant cockroach (D:1)
  4 goblins
  3 hobgoblins (D:1)
  A kobold (D:1)
  A quokka (D:2)
  3 frilled lizards
  6 rats
48 creatures vanquished.

Vanquished Creatures (others)
  127 foxfires
127 creatures vanquished.

Grand Total: 175 creatures vanquished

Notes
Turn   | Place    | Note
-------+----------+-------------------------------------------
     0 | D:1      | funkygono the Gargoyle Fire Elementalist began the quest
                  | for the Orb.
     0 | D:1      | Reached XP level 1. HP: 10/10 MP: 3/3
   116 | D:1      | Reached XP level 2. HP: 15/15 MP: 0/5
   642 | D:1      | Reached XP level 3. HP: 19/19 MP: 4/6
   646 | D:1      | Learned a level 3 spell: Conjure Flame
  1216 | D:2      | Reached skill level 4 in Fire Magic
  1225 | D:2      | Reached XP level 4. HP: 24/24 MP: 1/7
  1232 | D:2      | Learned a level 4 spell: Sticky Flame
  1383 | D:2      | Found a faded altar of an unknown god.
  2604 | D:3      | Noticed Grinder
  2615 | D:3      | Slain by Grinder

Illustrated notes

Levels and vault maps discovered:
D:1:      minmay_arrival_shoal_huts, layout_loops_ring,
          chequers_serial_rivers_micro_e, kennysheep_crisscross
D:2:      mumra_celtic_spiral_tile, layout_basic,
          shapermc_ecumenical_altar_venn, minmay_misc_feat_nine_boxes
D:3:      layout_basic, uniq_crazy_yiuf_cottage, uniq_grinder

Skill      XL: |  1  2  3 |
---------------+----------+-----
Fire Magic     | 4 |  4.3
Dodging        | |  1.9
Stealth        | |  2.1
Spellcasting   | |  2.8
Conjurations   | |  1.7

Action                   |  1- 3 |  4- 6 || total
-------------------------+-------+-------++-------
Melee: Club              |    10 |       ||    10
       Unarmed           |     1 |       ||     1
       Whip              |       |     2 ||     2
 Cast: Foxfire           |    43 |    35 ||    78
  Use: Scroll            |       |     4 ||     4
Armor: Robe              |     8 |     1 ||     9
Dodge: Dodged            |     8 |     2 ||    10
